AoeStats
← Zumoshi

Arabia

507714571Analyzed
1v1 RM · 14d ago on Sep 19, 2026· 28m 17s· 2 players
Game mode
Random Map
Map size
Tiny (2 player)
Population
200
Speed
Normal
Resources
Standard
Victory
Conquest
Starting age
Dark Age
Ending age
Imperial Age
RankedLock teamsTeams togetherTeam positionsShared explorationLock speedFull tech treeHidden civsTurbo modeCheats
Victory
Defeat
🇮🇱 Khitans · Israel
1196
+14
🇮🇹 Mongols · Italy
1162
-14
Herbert Prohaska
6:21 Loom
8:39 Feudal Age
9:33 Double-Bit Axe
10:49 Horse Collar
17:05 Gold Mining
17:39 Scale Barding Armor
18:49 Forging
18:53 Bloodlines
23:12 Castle Age
23:53 Husbandry
24:22 Chain Barding Armor
Zumoshi
7:44 Loom
9:30 Feudal Age
10:47 Man-at-Arms
14:09 Double-Bit Axe
20:20 Castle Age
18:24 Gold Mining
19:09 Fletching
19:26 Padded Archer Armor
19:10 Domestication
20:35 Padded Archer Armor
21:10 Bodkin Arrow
21:37 Bow Saw
24:37 Heavy Cavalry Archer
25:51 Thumb Ring
Connection lost

Rejoining the realm…

Still unreachable

The connection could not be restored.

Session expired

The server has moved on; the page needs a fresh start.